 Dungeon Crawl Stone Soup version 0.28-b1-25-g9875b3fc8c (webtiles) character file.

Game seed: 1539782585086531134

5245 mopl the Martial Artist (level 10, -5/69 HPs)
             Began as a Djinni Transmuter on Feb 8, 2022.
             Was a Follower of Cheibriados.
             Slain by Erica (9 damage)
             ... on level 9 of the Dungeon.
             The game lasted 00:15:10 (10028 turns).

mopl the Martial Artist (Djinni Transmuter)        Turns: 10028, Time: 00:15:10

Health: -5/69      AC:  6    Str: 15    XL:     10   Next: 93%
Gold:   253        EV: 12    Int: 17    God:    Cheibriados [*.....] SH:  0 Dex: 16

rFire   + + .      SeeInvis +     - Unarmed
rCold   . . .      Faith    +   (no shield)
rNeg    . . .      Spirit   .   H - +0 steam dragon scales
rPois   ∞          Reflect  .   v - +0 helmet
rElec   .          Harm     .   (no cloak)
rCorr   .          Rampage  .   (no gloves)
Will    +....                   (boots unavailable)
Stlth   +.........              t - amulet of faith {!P}
HPRegen 0.21/turn               x - ring of protection from cold
MPRegen 0.00/turn               F - ring of see invisible

@: mighty, flying, very slow
A: sickness immunity, fire resistance 2, cold vulnerability 1, float, innate
caster, HP casting, extra vitality 1
a: Renounce Religion, Bend Time


You were on level 9 of the Dungeon.
You worshipped Cheibriados.
Cheibriados was aware of your devotion.
You visited 2 branches of the dungeon, and saw 11 of its levels.

You collected 253 gold pieces.

Inventory:

Missiles
 e - 13 poisoned darts (quivered)
 l - 11 boomerangs
 B - 6 javelins
 J - a curare-tipped dart
 N - 4 datura-tipped darts
Armour
 k - an orb of guile
 o - a +2 plate armour of willpower
 v - a +0 helmet (worn)
 H - +0 steam dragon scales (worn)
Magical Staves
 w - a staff of cold
 L - a staff of poison
Jewellery
 t - an amulet of faith (around neck) {!P}
 x - a ring of protection from cold (left hand)
 y - a +6 ring of dexterity
 D - a ring of fire
 E - an amulet of the acrobat
 F - a ring of see invisible (right hand)
 K - a ring of resist corrosion
Wands
 s - a wand of flame (38)
 z - a wand of polymorph (7)
 C - a wand of iceblast (11)
Scrolls
 a - a scroll of vulnerability {unknown}
 b - 2 scrolls of fear {unknown}
 c - a scroll of summoning {unknown}
 f - 5 scrolls of teleportation
 g - a scroll of enchant weapon {unknown}
 h - a scroll of holy word {unknown}
 m - a scroll of immolation {unknown}
 p - a scroll of magic mapping {unknown}
 q - 3 scrolls of noise {unknown}
 G - a scroll of fog {unknown}
 I - a scroll of amnesia {unknown}
 M - a scroll of blinking {unknown}
 O - a scroll of torment {unknown}
Potions
 d - a potion of might
 i - 2 potions of resistance
 j - a potion of ambrosia
 n - 3 potions of degeneration {unknown}
 r - 3 potions of heal wounds
 u - a potion of flight {unknown}


   Skills:
 + Level 4.7 Fighting
 - Level 2.1 Dodging
 * Level 10.9 Unarmed Combat
 + Level 5.8 Spellcasting
 + Level 7.1 Invocations


You couldn't memorise any spells.
You knew the following spells:

 Your Spells              Type           Power      Damage    Failure   Level
a - Beastly Appendage     Tmut           48%        N/A       1%          1
b - Spider Form           Tmut/Pois      24%        N/A       3%          3
c - Magic Dart            Conj           96%        1d7       1%          1
d - Ice Form              Ice/Tmut       24%        N/A       12%         4
e - Ensorcelled Hibernat  Hex/Ice        48%        N/A       1%          2
f - Portal Projectile     Hex/Tloc       48%        N/A       3%          3
g - Cause Fear            Hex            12%        N/A       12%         4
w - Wereblood             Tmut           24%        N/A       1%          2
Your spell library was empty.

Dungeon Overview and Level Annotations

Branches:
Dungeon (10/15)            Temple (1/1) D:4
   Lair: D:8-11         Orc: D:9-12

Altars:
Ashenzari
Cheibriados
Dithmenos
Elyvilon
Fedhas
Gozag
Hepliaklqana
Kikubaaqudgha
Makhleb
Nemelex Xobeh
Okawaru
Qazlal
Ru
Sif Muna
Trog
Uskayaw
Vehumet
Wu Jian
Xom
Yredelemnul
Zin
The Shining One

Shops:
D:6 (

Annotations:
D:3 dig
D:9 bb, Erica, Erolcha


Innate Abilities, Weirdness & Mutations

You are immune to sickness and miasma.
You are immune to poison.
Your flesh is very heat resistant. (rF++)
You are vulnerable to cold. (rC-)
You float through the air rather than walking.
You learn spells naturally, not from books.
Your magical power is your life essence.
You have superior vitality. (+4 MHP)


Message History

You hit Erica but do no damage.
Erica is moderately wounded.
Erica hits you with a +3 scimitar of flaming!
Erica burns you.
Erica hits you with a +3 scimitar of flaming.
You miss Erica.
Erica is moderately wounded.
Erica gestures at you while chanting. The lance of force hits you!!
* * * LOW HITPOINT WARNING * * *
You are knocked back by the lance of force.
You feel better.
Aiming: Iceblast
Press: ? - help, Shift-Dir - straight line, f - Erica
Aim: Erica, wielding a +3 scimitar of flaming and wearing a +2 robe of fire resistance (moderately wounded)
The mass of ice explodes!
The iceblast engulfs Erica!
Erica is heavily wounded.
Unknown command.
Unknown command.
You closely miss Erica.
Erica is heavily wounded.
You closely miss Erica.
Erica is heavily wounded.
Erica hits you with a +3 scimitar of flaming!
* * * LOW HITPOINT WARNING * * *
Erica burns you.
* * * LOW HITPOINT WARNING * * *
You hit Erica.
Erica is heavily wounded.
Erica barely misses you.
You pummel Erica!!
Erica is almost dead.
Erica points at you and mumbles some strange words.
You resist with some effort.
You closely miss Erica.
Erica is almost dead.
You barely miss Erica.
Erica is almost dead.
Erica hits you with a +3 scimitar of flaming!
You die...

#.######.## #
##.#.......#
#.##.........##
#.....#.####.#
####..#.# #.#
###.#####..#.# #.#
.........##.# #.#
###.####...#.# #.#
........@..#.####.#
###.....@..#......#
#..........########
.####...$.#
#...........
#....######. #....#
#....# #....#


You could see Erica.

Vanquished Creatures
  3 two-headed ogres
  A yak (D:7)
  A wyvern (D:8)
  A steam dragon (D:7)
  An acid dragon (D:9)
  A water moccasin (D:7)
  An ice beast (D:7)
  2 black bears
  A necrophage (D:6)
  3 ogres
  3 phantoms
  2 centaurs
  A bullfrog (D:4)
  A kobold brigand (D:8)
  A wyvern zombie (D:9)
  4 scorpions
  5 killer bees (D:8)
  3 howler monkeys (D:9)
  2 centaur zombies
  A hound (D:6)
  4 jellies
  An orc priest (D:9)
  A gnoll shaman (D:8)
  An iguana (D:4)
  Ijyb (D:3)
  5 orc wizards
  3 hound skeletons
  A howler monkey zombie (D:9)
  5 adders
  7 gnolls
  8 river rats (D:7)
  A shadow imp (D:5)
  2 white imps
  A worm (D:2)
  3 dart slugs
  31 orcs
  4 ball pythons
  4 endoplasms
  2 giant cockroaches
  8 goblins
  6 hobgoblins
  9 jackals
  7 quokkas
  3 frilled lizards (D:2)
  5 kobolds
  21 rats
182 creatures vanquished.

Vanquished Creatures (others)
  A fungus (D:9)
  A plant (D:9)
2 creatures vanquished.

Grand Total: 184 creatures vanquished

Notes
Turn   | Place    | Note
-------+----------+-------------------------------------------
     0 | D:1      | mopl the Djinni Transmuter began the quest for the Orb.
     0 | D:1      | Reached XP level 1. HP: 17/17 MP: 0/0
   178 | D:1      | Found a faded altar of an unknown god.
   188 | D:1      | Reached XP level 2. HP: 18/22 MP: 0/0
   206 | D:1      | Prayed at the altar of an unknown god.
   206 | D:1      | Became a worshipper of Elyvilon the Healer
   206 | D:1      | Reached * piety under Elyvilon
   746 | D:2      | Reached XP level 3. HP: 18/27 MP: 0/0
   746 | D:2      | Learned a level 1 spell: Magic Dart
  1258 | D:2      | Reached skill level 4 in Unarmed Combat
  1258 | D:2      | Reached skill level 2 in Spellcasting
  1258 | D:2      | Reached skill level 1 in Invocations
  1258 | D:2      | Reached XP level 4. HP: 27/32 MP: 0/0
  2006 | D:2      | Reached ** piety under Elyvilon
  2284 | D:3      | Noticed Ijyb
  2492 | D:3      | Elyvilon protects you from harm!
  2497 | D:3      | Killed Ijyb
  2498 | D:3      | Reached XP level 5. HP: 5/37 MP: 0/0
  2498 | D:3      | Learned a level 2 spell: Ensorcelled Hibernation
  3134 | D:3      | Noticed an ogre
  3142 | D:3      | Killed an ogre
  3143 | D:3      | Reached skill level 5 in Unarmed Combat
  3143 | D:3      | Reached skill level 2 in Invocations
  3143 | D:3      | Reached XP level 6. HP: 38/42 MP: 0/0
  3658 | D:4      | Reached *** piety under Elyvilon
  3864 | D:4      | Noticed a black bear
  3875 | D:4      | Killed a black bear
  3876 | D:4      | Reached skill level 3 in Spellcasting
  3876 | D:4      | Reached skill level 3 in Invocations
  3876 | D:4      | Reached XP level 7. HP: 37/47 MP: 0/0
  3876 | D:4      | Learned a level 3 spell: Portal Projectile
  3936 | D:4      | Reached skill level 6 in Unarmed Combat
  4125 | D:4      | Found a staircase to the Ecumenical Temple.
  4135 | Temple   | Entered the Ecumenical Temple
  4620 | D:5      | Entered Level 5 of the Dungeon
  4732 | D:5      | Reached XP level 8. HP: 45/52 MP: 0/0
  4853 | D:5      | Noticed a two-headed ogre
  4976 | D:5      | HP: 1/52 [two-headed ogre (21)]
  5004 | D:5      | Killed a two-headed ogre
  5005 | D:5      | Reached skill level 8 in Unarmed Combat
  5005 | D:5      | Reached skill level 4 in Spellcasting
  5005 | D:5      | Reached skill level 4 in Invocations
  5005 | D:5      | Reached XP level 9. HP: 7/57 MP: 0/0
  5005 | D:5      | Learned a level 4 spell: Cause Fear
  5341 | D:5      | Reached skill level 5 in Invocations
  5555 | D:5      | Found a hazy altar of Hepliaklqana.
  5563 | D:5      | Found a white marble altar of Elyvilon.
  5563 | D:5      | Found a bloodstained altar of Trog.
  5848 | D:5      | Reached **** piety under Elyvilon
  6002 | D:5      | Found a burning altar of Makhleb.
  6002 | D:5      | Noticed a green death
  6093 | D:6      | Reached skill level 2 in Fighting
  6093 | D:6      | Reached skill level 9 in Unarmed Combat
  6869 | D:6      | Found Ava Ohos's Weapon Shoppe.
  7256 | D:7      | Reached skill level 5 in Spellcasting
  7256 | D:7      | Reached skill level 6 in Invocations
  7268 | D:7      | Reached ***** piety under Elyvilon
  7293 | D:7      | Reached skill level 3 in Fighting
  7293 | D:7      | Reached XP level 10. HP: 67/67 MP: 0/0
  7459 | D:7      | Found a sparkling altar of Nemelex Xobeh.
  8067 | D:8      | Reached skill level 10 in Unarmed Combat
  8844 | D:8      | Found a blossoming altar of Fedhas.
  8882 | D:8      | Found a glowing silver altar of Zin.
  8889 | D:8      | Found a snail-covered altar of Cheibriados.
  8903 | D:8      | Fell from the grace of Elyvilon
  8903 | D:8      | Became a worshipper of Cheibriados the Contemplative
  8930 | D:8      | Noticed a two-headed ogre
  8940 | D:8      | Killed a two-headed ogre
  8941 | D:8      | Reached skill level 4 in Fighting
  9282 | D:9      | Noticed Erolcha
  9568 | D:9      | Reached * piety under Cheibriados
  9654 | D:10     | Entered Level 10 of the Dungeon
  9657 | D:10     | Noticed a two-headed ogre
  9670 | D:10     | Killed a two-headed ogre
  9671 | D:10     | Reached skill level 7 in Invocations
 10007 | D:9      | Noticed Erica
 10024 | D:9      | HP: 3/69 [Erica (1)]
 10028 | D:9      | Slain by Erica

Illustrated notes

Levels and vault maps discovered:
D:1:      evilmike_arrival_home_sweet_home, layout_basic,
          hellmonk_ecumenical_altar_dog_temple, minivault_14
D:2:      layout_basic, basic_altar
D:3:      layout_basic, minmay_surrounded, uniq_ijyb
D:4:      layout_basic, minmay_temple_entry_trees
D:5:      layout_loops_ring, mainiacjoe_overflow_alcove_3,
          makhleb_altar_promises_db, nicolae_concentric_dashed_squares_mild,
          eino_tiny_chamber, minmay_misc_feat_enclosed, minmay_misc_feat_iff
D:6:      layout_loops_corners, serial_shops, shop
D:7:      layout_rooms, nemelex_spade_bored_becter, dk_rats_in_the_wall
D:8:      layout_basic, mainiacjoe_overflow_alcove_2,
          mainiacjoe_overflow_catch_the_wave, st_stairs_3
D:9:      kennysheep_seaside_town, layout_basic, dpeg_oklobed_lair, uniq_erica,
          uniq_erolcha
D:10:     layout_rooms, serial_undead, serial_undead_f, serial_undead_a,
          serial_undead_d, serial_undead_a, serial_undead_b, serial_undead_d,
          serial_undead_e, uniq_josephine
Temple:   dshaligram_water_room_temple

Skill      XL: |  1  2  3  4  5  6  7  8  9 10 |
---------------+-------------------------------+-----
Unarmed Combat | 4 5 6 8 9 10 | 10.9
Spellcasting   | 2 3 4 5 |  5.8
Invocations    | 1 2 3 4 6 7 |  7.1
Fighting       | 3 4 |  4.7
Dodging        | |  2.1

Action                   |  1- 3 |  4- 6 |  7- 9 | 10-12 || total
-------------------------+-------+-------+-------+-------++-------
Melee: Unarmed           |   100 |   112 |    69 |   153 ||   434
       Headbutt          |     9 |     7 |       |       ||    16
       Punch             |     4 |     4 |    11 |     1 ||    20
       Whip              |       |    43 |   134 |    37 ||   214
Throw: Dart              |       |       |     3 |     3 ||     6
 Cast: Beastly Appendage |    13 |    11 |       |       ||    24
       Wereblood         |     1 |       |       |     1 ||     2
       Spider Form       |     2 |     6 |     6 |     8 ||    22
       Ice Form          |       |       |     5 |     7 ||    12
       Portal Projectile |       |       |     1 |     1 ||     2
 Abil: End Transformatio |       |       |     1 |     1 ||     2
Evoke: Wand              |       |       |       |     1 ||     1
  Use: Scroll            |       |       |     6 |     2 ||     8
       Potion            |       |       |       |     2 ||     2
 Stab: Sleeping          |     3 |     1 |     6 |       ||    10
       Distracted        |       |       |     1 |       ||     1
Armor: Robe              |     7 |    11 |    36 |       ||    54
       Skin              |     2 |       |    12 |     8 ||    22
       Steam dragon scal |       |       |       |    15 ||    15
Dodge: Dodged            |    56 |    91 |   131 |    96 ||   374
Block: Other             |       |    24 |    31 |       ||    55
